 Dungeon Crawl Stone Soup version 0.30-b1-2-g02819fbbbe (webtiles) character file.

Game seed: 9149901231218283193

5775 Metae the Blocker (level 10, -3/91 HPs)
             Began as a Minotaur Fighter on June 21, 2023.
             Was a High Priest of Cheibriados.
             Slain by an orc warrior
             ... wielding a +0 glaive
              (12 damage)
             ... in a bailey.
             The game lasted 00:21:50 (8897 turns).

Metae the Blocker (Minotaur Fighter)                Turns: 8897, Time: 00:21:51

Health: -3/91      AC: 15    Str: 43    XL:     10   Next: 50%
Magic:  11/14      EV:  8    Int: 18    God:    Cheibriados [*****.]
Gold:   657        SH: 13    Dex: 24    Spells: 9/9 levels left

rFire   . . .        v - +0 morningstar
rCold   . . .        c - +0 buckler
rNeg    . . .        n - +0 plate armour
rPois   .            (helmet restricted)
rElec   .            j - +0 cloak
rCorr   .            (no gloves)
SInv    .            (no boots)
Will    .....        k - amulet of reflection Stlth
                     q - ring of flight
HPRegen 0.35/turn    x - +6 ring of strength
MPRegen 0.14/turn

%: reflection
@: flying, very slow
A: horns 2, retaliatory headbutt
a: Renounce Religion, Bend Time, Temporal Distortion, Slouch, Step From Time


You were in a bailey.
You worshipped Cheibriados.
Cheibriados was extremely pleased with you.
You visited 1 branch of the dungeon, and saw 9 of its levels.
You also visited: Bailey.

You collected 657 gold pieces.

Inventory:

Hand Weapons
 i - a +0 whip of draining
 v - a +0 morningstar (weapon)
Missiles
 e - 70 stones (quivered)
 y - 24 poisoned darts
 Q - a throwing net
 T - 5 curare-tipped darts
Armour
 c - a +0 buckler (worn)
 j - a +0 cloak (worn)
 n - a +0 plate armour (worn)
 w - a +1 ring mail of willpower
 R - +0 steam dragon scales
Jewellery
 b - a +6 ring of strength
 k - an amulet of reflection (around neck)
 q - a ring of flight (left hand)
 x - a +6 ring of strength (right hand)
 C - a +6 ring of dexterity
 D - a ring of wizardry
 F - an amulet of faith
Wands
 a - a wand of mindburst (12)
 B - a wand of digging (5)
 P - a wand of polymorph (9)
 S - a wand of light (7)
Scrolls
 f - 4 scrolls of amnesia {unknown}
 m - 6 scrolls of teleportation
 p - a scroll of enchant weapon {unknown}
 r - 3 scrolls of blinking
 t - 4 scrolls of fog
 E - a scroll of immolation {unknown}
 H - a scroll of brand weapon
 I - 2 scrolls of poison {unknown}
 J - a scroll of summoning
 K - 2 scrolls of vulnerability {unknown}
 M - 4 scrolls of enchant armour {unknown}
 N - a scroll of magic mapping {unknown}
 O - 3 scrolls of identify
Potions
 d - 7 potions of might
 g - 4 potions of lignification
 h - 2 potions of berserk rage {unknown}
 l - a potion of resistance {unknown}
 o - a potion of haste {unknown}
 s - 2 potions of magic {unknown}
 u - 2 potions of curing {unknown}
 z - 2 potions of flight
 A - 2 potions of mutation {unknown}
 G - 2 potions of brilliance {unknown}
 U - a potion of invisibility {unknown}


   Skills:
 + Level 9.3 Fighting
 + Level 8.9 Maces & Flails
 + Level 9.3 Armour
 + Level 9.3 Shields
 + Level 6.7 Invocations


You had 9 spell levels left.
You didn't know any spells.
Your spell library contained the following spells:

 Spells                   Type           Power      Damage    Failure   Level
 Kiss of Death            Conj/Necr      0%         2d5       69%         1
 Lesser Beckoning         Tloc           0%         N/A       83%         2
 Poisonous Vapours        Pois/Air       0%         N/A       83%         2
 Confusing Touch          Hex            0%         N/A       96%         3
 Gell's Gravitas          Tloc           0%         N/A       96%         3
 Ignite Poison            Fire/Tmut/Pois 0%         N/A       96%         3
 Mephitic Cloud           Conj/Pois/Air  0%         N/A       96%         3
 Teleport Other           Tloc           0%         N/A       96%         3
 Dispel Undead            Necr           0%         3d6       100%        4
 Borgnjor's Vile Clutch   Necr/Erth      0%         N/A       100%        5
 Freezing Cloud           Conj/Ice/Air   0%         6-21      100%        5
 Infestation              Necr           0%         N/A       100%        8


Dungeon Overview and Level Annotations

Branches:
Dungeon (9/15)             Temple (0/1) D:5          Bailey (1/1)
   Lair: D:8-11         Orc: D:9-12

Altars:
Cheibriados
Hepliaklqana
Qazlal
Ru
Wu Jian

Shops:
D:1 ?   D:3 !


Innate Abilities, Weirdness & Mutations

You have a pair of horns on your head.
You reflexively headbutt those who attack you in melee.


Message History

The orc warrior hits you from afar with a +0 glaive!
You block the orc warrior's attack.
You closely miss the orc warrior. Your headbutt misses the orc warrior.
The orc warrior is heavily wounded.
The orc warrior hits you but does no damage.
The orc warrior barely misses you. You furiously retaliate!
You headbutt the orc warrior. You barely miss the orc warrior.
The orc warrior is heavily wounded.
The orc warrior hits you with a +0 halberd.
* * * LOW HITPOINT WARNING * * *
The orc warrior hits you from afar with a +0 glaive!
* * * LOW HITPOINT WARNING * * *
You bludgeon the orc warrior!!
You kill the orc warrior!
Cheibriados appreciates the change of pace.
The orc warrior hits you but does no damage.
You block the orc warrior's attack. You block the orc warrior's attack.
You block the orc warrior's attack. You block the orc warrior's attack.
There is an open gate here.
The orc warrior hits you from afar with a +0 glaive!
* * * LOW HITPOINT WARNING * * *
Things that are here:
a +0 bardiche; a +0 plate armour; an orc skeleton The orc warrior barely misses you.
The flow of time bends around you. You block the orc warrior's attack.
You block the orc warrior's attack.
The orc warrior hits you with a +0 glaive!
* * * LOW HITPOINT WARNING * * *
Things that are here:
a +0 bardiche; a +0 plate armour; an orc skeleton You feel much better.
The orc warrior hits you with a +0 glaive!
* * * LOW HITPOINT WARNING * * *
You barely miss the orc warrior. You block the orc warrior's attack.
You barely miss the orc warrior.
The orc warrior hits you with a +0 glaive!
You die...

..≈≈≈..≈≈≈≈≈#..))#####........
....≈≈≈.≈≈≈≈#...##....≈≈≈≈≈≈≈≈
......≈.≈≈≈≈#...#.⌠.≈≈≈.......
....⌠.≈≈.≈≈ #...#..≈≈..≈≈≈≈≈≈≈
.......≈.≈ #..⌠#.≈≈.≈≈≈.....≈
≈≈≈....≈≈ #..##.≈.≈≈..≈≈≈≈≈.
~~≈≈≈.))#####..#.≈≈.≈.≈≈≈...≈≈
≈≈~≈≈≈......'..#.≈.≈≈.≈..⌠.⌠..
)~~≈≈≈......o@.#.≈....≈..∩∩∩..
≈≈~≈≈≈.)....'..#.≈.≈≈.≈..⌠.⌠..
~~≈≈≈...#####.)#.≈≈.≈.≈≈≈...≈≈
≈≈≈....≈≈ #.)##.≈.≈≈..≈≈≈≈≈.
.......≈. #).⌠#.≈≈.≈≈≈..)..≈
....⌠.≈≈.≈ #..)#..≈≈..≈≈≈≈≈≈≈
......≈.≈≈ #...#.⌠)≈≈≈.).....
....≈≈≈.≈≈≈ #...##...)≈≈≈≈≈≈≈≈
#....#####........


You could see an orc warrior.

Vanquished Creatures
  The ghost of Drakonis1988 the Chopper, a novice MiFi of Okawaru (D:5)
  An efreet (D:8)
  Sigmund (D:6)
  A wyvern (D:7)
  3 yaks (D:5)
  3 steam dragons
  A vampire mosquito (D:8)
  A water moccasin (D:6)
  10 orc warriors
  The ghost of craig the Shield-Bearer, an amateur GnFi (D:4)
  2 ice beasts
  2 ogres
  3 centaurs
  2 phantoms (D:5)
  5 kobold brigands
  5 bullfrogs (D:8)
  A gnoll sergeant (D:8)
  2 scorpions (D:5)
  A wight (D:8)
  A howler monkey (D:5)
  2 jellies (D:8)
  2 hounds
  A gnoll bouda (D:6)
  2 orc priests
  3 iguanas
  3 sleepcaps
  Terence (D:3)
  15 orc wizards
  9 gnolls
  7 adders
  A shadow imp (D:7)
  2 dart slugs
  54 orcs
  5 ball pythons
  14 endoplasms
  3 giant cockroaches
  8 hobgoblins
  4 jackals (D:1)
  4 quokkas
  6 bats
  7 frilled lizards
  4 goblins
  18 kobolds
  9 rats
231 creatures vanquished.

Vanquished Creatures (others)
  11 fungi (D:8)
  2 withered plants (D:5)
13 creatures vanquished.

Grand Total: 244 creatures vanquished

Notes
Turn   | Place    | Note
-------+----------+-------------------------------------------
     0 | D:1      | Metae the Minotaur Fighter began the quest for the Orb.
     0 | D:1      | Reached XP level 1. HP: 19/19 MP: 0/0
    71 | D:1      | Reached XP level 2. HP: 5/27 MP: 1/1
   602 | D:1      | Reached XP level 3. HP: 33/33 MP: 2/2
   960 | D:1      | Found The Oracle's Delphic Readings.
   969 | D:1      | Got Itriomea's Directory of Stolen Souls and Fire
  1180 | D:2      | Found a snail-covered altar of Cheibriados.
  1408 | D:2      | Became a worshipper of Cheibriados the Contemplative
  1567 | D:2      | Reached XP level 4. HP: 30/40 MP: 3/3
  2059 | D:3      | Noticed Terence
  2070 | D:3      | Killed Terence
  2196 | D:3      | Found Oplache's Distillery.
  2315 | D:3      | Reached * piety under Cheibriados
  2316 | D:3      | Reached skill level 1 in Invocations
  2445 | D:3      | Reached XP level 5. HP: 42/47 MP: 4/4
  3208 | D:4      | Noticed an ogre
  3211 | D:4      | Killed an ogre
  3212 | D:4      | Reached skill level 5 in Fighting
  3212 | D:4      | Reached skill level 5 in Armour
  3212 | D:4      | Reached skill level 5 in Shields
  3212 | D:4      | Reached XP level 6. HP: 36/56 MP: 6/6
  3426 | D:4      | Found a runed translucent door.
  3433 | D:4      | Noticed craig's ghost (amateur GnFi)
  3455 | D:4      | Reached ** piety under Cheibriados
  3694 | D:4      | Killed craig's ghost
  3748 | D:5      | Entered Level 5 of the Dungeon
  3752 | D:5      | Reached XP level 7. HP: 61/61 MP: 7/7
  3806 | D:5      | Reached skill level 5 in Maces & Flails
  3912 | D:5      | Noticed a yak
  3912 | D:5      | Noticed a yak
  3912 | D:5      | Noticed a yak
  3924 | D:5      | Killed a yak
  3929 | D:5      | Killed a yak
  3933 | D:5      | Killed a yak
  3934 | D:5      | Reached XP level 8. HP: 33/71 MP: 9/9
  4540 | D:5      | Found an ornate altar of the Wu Jian Council.
  4602 | D:5      | Found a staircase to the Ecumenical Temple.
  4669 | D:5      | Found a runed translucent door.
  4669 | D:5      | Noticed Drakonis1988's ghost (novice MiFi)
  4688 | D:5      | Killed Drakonis1988's ghost
  4689 | D:5      | Reached XP level 9. HP: 51/79 MP: 11/11
  5037 | D:6      | Reached *** piety under Cheibriados
  5202 | D:6      | Noticed Sigmund
  5216 | D:6      | Killed Sigmund
  5217 | D:6      | Reached skill level 5 in Invocations
  5463 | D:6      | Identified the +0 robe "Utsyr" {*Corrode Int+3}
  5836 | D:6      | Found a hazy altar of Hepliaklqana.
  5836 | D:6      | Found a sacrificial altar of Ru.
  6302 | D:7      | Found a stormy altar of Qazlal.
  6669 | D:7      | Reached **** piety under Cheibriados
  7415 | D:8      | Identified the +0 robe of the Sacrificial Victim {rN+
                  | Str+3}
  7417 | D:8      | Reached XP level 10. HP: 54/90 MP: 13/13
  7419 | D:8      | Reached ***** piety under Cheibriados
  8250 | D:9      | Found a flagged portal.
  8282 | Bailey   | Entered a bailey
  8894 | Bailey   | HP: 2/91 [orc warrior/+0 glaive (8)]
  8897 | Bailey   | Slain by an orc warrior

Illustrated notes

Levels and vault maps discovered:
D:1:      lightli_arrival_statue_moat, layout_basic, nicolae_nh_oracle_at_delphi
D:2:      layout_loops_ring, basic_altar
D:3:      layout_basic, serial_shops, shop_statue,
          chequers_serial_rivers_room_a, minmay_quantized, uniq_terence
D:4:      layout_rooms, ebering_ghost_reflecting_pool, minivault_4
D:5:      layout_loops_ring, nicolae_wu_jian_immortal_techniques,
          minmay_temple_entry_mist, gammafunk_ghost_grave,
          kennysheep_generic_room_15
D:6:      layout_cave_pods, gammafunk_temple_overflow_wave, uniq_sigmund
D:7:      layout_basic, nicolae_qazlal_eye_of_the_storm
D:8:      wad_guarded_room, layout_gridville, kennysheep_decorative_pillar,
          dreamdust_mushroom_princess
D:9:      layout_grid_maze, mainiacjoe_overflow_big_doors, dpeg_lair_monsters,
          serial_shops, nicolae_shop_bloodbath_and_beyond, enter_bailey_1
Bailey:   bailey_polearm_flooded_kennysheep, bailey

Skill      XL: |  1  2  3  4  5  6  7  8  9 10 |
---------------+-------------------------------+-----
Shields        | 4 5 6 7 8 9 |  9.3
Fighting       | 4 5 6 7 8 9 |  9.3
Armour         | 4 5 6 7 8 9 |  9.3
Maces & Flails | 3 4 5 6 8 |  8.9
Invocations    | 1 2 3 4 6 |  6.7

Action                     |  1- 3 |  4- 6 |  7- 9 | 10-12 || total
---------------------------+-------+-------+-------+-------++-------
  Melee: Flail             |   121 |    85 |       |       ||   206
         Headbutt          |    11 |    26 |    45 |    27 ||   109
         Morningstar       |       |    42 |   245 |    98 ||   385
  Throw: Stone             |       |       |     5 |       ||     5
 Invoke: Bend Time         |       |       |       |     2 ||     2
    Use: Scroll            |       |       |     7 |       ||     7
         Potion            |       |       |       |     1 ||     1
 Armour: Scale mail        |    76 |    12 |       |       ||    88
         Plate armour      |       |    67 |   108 |    83 ||   258
  Dodge: Dodged            |    58 |    41 |    79 |    66 ||   244
  Block: Buckler           |    66 |    67 |   148 |   142 ||   423
         Reflection        |     4 |       |     3 |     1 ||     8
